AoeStats
← mtariktorun

Black Forest

508047967Analyzed
3v3 RM · 12d ago on Sep 20, 2026· 76m 55s· 6 players
Game mode
Random Map
Map size
Normal (6 player)
Population
200
Speed
Normal
Resources
Standard
Victory
Conquest
Starting age
Dark Age
Ending age
Imperial Age
RankedLock teamsTeams togetherTeam positionsShared explorationLock speedFull tech treeHidden civsTurbo modeCheats
Victory
Defeat
🇹🇷 Maya · Türkiye
774
+13
🇹🇷 Burgundians · Türkiye
736
+15
🇹🇷 Bengalis · Türkiye
726
+15
736
-15
🇸🇪 Turks · Sweden
735
-15
🇳🇱 Bohemians · Netherlands
677
-13
troublebubble
0:50 Loom
12:27 Feudal Age
17:47 Double-Bit Axe
21:11 Castle Age
26:03 Bow Saw
27:44 Wheelbarrow
26:56 Town Watch
27:40 Horse Collar
29:47 Hand Cart
29:32 Town Patrol
31:11 Ballistics
33:42 Imperial Age
33:00 Scale Barding Armor
33:06 Forging
33:17 Murder Holes
34:15 Chain Barding Armor
33:59 Scale Mail Armor
34:30 Padded Archer Armor
34:22 Fletching
35:09 Iron Casting
34:38 Husbandry
34:50 Bloodlines
36:37 Two-Man Saw
37:01 Plate Barding Armor
36:23 Bodkin Arrow
35:54 Light Cavalry
37:31 Gold Mining
38:52 Gold Shaft Mining
38:09 Stone Mining
37:45 Elite Ratha (Ranged)
39:18 Mahayana
38:39 Elite Ratha (Ranged)
40:41 Chemistry
39:28 Arrowslits
39:41 Heated Shot
40:07 Masonry
41:12 Blast Furnace
40:28 Leather Archer Armor
40:59 Bracer
41:00 Scale Mail Armor
41:37 Paiks
42:05 Conscription
41:33 Siege Elephant
44:31 Devotion
44:55 Fervor
45:06 Sanctity
47:27 Elite Battle Elephant
50:05 Heavy Plow
50:46 Architecture
49:58 Treadmill Crane
50:25 Siege Engineers
52:52 Crop Rotation
52:43 Onager
md
11:42 Feudal Age
16:56 Castle Age
22:41 Double-Bit Axe
24:56 Horse Collar
26:41 Bow Saw
27:13 Wheelbarrow
28:32 Heavy Plow
29:01 Stone Mining
29:19 Gold Mining
33:17 Imperial Age
31:16 Hand Cart
32:53 Fletching
33:51 Town Watch
33:52 Loom
35:07 Elite Plumed Archer
35:46 Bodkin Arrow
35:52 Padded Archer Armor
36:56 Chemistry
37:43 Bracer
37:59 Leather Archer Armor
38:08 Ballistics
40:08 Ring Archer Armor
43:15 Caravan
43:45 Coinage
43:26 Guilds
44:25 Two-Man Saw
43:59 Crop Rotation
51:03 Banking
53:29 Onager
57:10 Sappers
58:01 Conscription
mtariktorun
1:06 Loom
13:06 Feudal Age
11:21 Horse Collar
12:54 Double-Bit Axe
17:30 Bow Saw
23:02 Castle Age
21:39 Heavy Plow
22:48 Forging
23:02 Gold Mining
23:24 Stone Mining
23:41 Scale Mail Armor
25:09 Caravan
25:21 Scale Barding Armor
25:52 Iron Casting
26:13 Pikeman
27:56 Wheelbarrow
27:51 Cavalier
28:32 Stone Mining
34:40 Imperial Age
32:38 Husbandry
33:04 Murder Holes
34:14 Hand Cart
35:56 Two-Man Saw
36:38 Blast Furnace
36:16 Conscription
36:43 Squires
37:22 Chain Barding Armor
37:18 Chain Mail Armor
39:07 Burgundian Vineyards
39:43 Onager
41:06 Paladin
41:11 Halberdier
42:26 Plate Mail Armor
42:33 Plate Barding Armor
66:02 Chemistry
nel
0:49 Loom
13:14 Feudal Age
13:42 Double-Bit Axe
15:59 Horse Collar
21:51 Castle Age
21:31 Forging
22:45 Bow Saw
22:37 Heavy Plow
23:24 Wheelbarrow
23:23 Town Watch
24:45 Hand Cart
25:15 Caravan
31:16 Imperial Age
29:01 Fortified Wall
31:10 Chemistry
33:10 Two-Man Saw
32:01 Treadmill Crane
33:01 Siege Engineers
33:30 Scale Mail Armor
34:01 Murder Holes
34:08 Pikeman
34:48 Squires
36:07 Chain Mail Armor
36:50 Conscription
37:13 Iron Casting
36:36 Elite Skirmisher
38:05 Fletching
38:17 Padded Archer Armor
38:47 Plate Mail Armor
38:31 Halberdier
40:01 Elite Hussite Wagon
42:03 Blast Furnace
42:05 Bodkin Arrow
43:08 Wagenburg Tactics
45:21 Houfnice
49:55 Leather Archer Armor
49:40 Bracer
51:52 Ring Archer Armor
57:07 Man-at-Arms
62:16 Long Swordsman
63:04 Town Patrol
63:12 Scale Barding Armor
65:26 Two-Handed Swordsman
Navix de los Bosques de Lituania
5:00 Loom
11:08 Feudal Age
11:50 Man-at-Arms
12:15 Arson
13:54 Pikeman
14:01 Long Swordsman
15:11 Double-Bit Axe
21:34 Wheelbarrow
20:55 Horse Collar
22:00 Gold Mining
23:51 Forging
23:41 Scale Mail Armor
27:50 Castle Age
29:14 Hand Cart
29:19 Bow Saw
29:44 Gold Shaft Mining
29:18 Heavy Plow
29:49 Caravan
30:19 Coinage
30:26 Coinage
39:42 Imperial Age
39:56 Iron Casting
39:36 Chain Mail Armor
39:39 Masonry
39:52 Ballistics
39:46 Fortified Wall
39:32 Murder Holes
40:27 Squires
40:13 Gambesons
43:08 Chemistry
42:15 Heavy Scorpion
44:31 Banking
44:24 Guilds
44:39 Two-Handed Swordsman
44:39 Halberdier
47:41 Champion
48:56 Fereters
50:06 Plate Mail Armor
52:07 Halberdier
53:49 Blast Furnace
53:39 Hoardings
52:36 Sappers
53:27 Conscription
AmBa /
0:29 Loom
12:56 Feudal Age
16:12 Double-Bit Axe
16:13 Horse Collar
22:28 Castle Age
23:57 Gold Mining
24:11 Caravan
25:15 Bow Saw
26:12 Stone Mining
27:40 Heavy Plow
27:51 Heavy Plow
28:31 Wheelbarrow
29:56 Fortified Wall
31:59 Gold Shaft Mining
35:34 Imperial Age
35:39 Heated Shot
37:33 Ballistics
39:26 Arrowslits
41:59 Elite Janissary
42:59 Elite Janissary
43:32 Heavy Scorpion
52:25 Bombard Tower
Connection lost

Rejoining the realm…

Still unreachable

The connection could not be restored.

Session expired

The server has moved on; the page needs a fresh start.